 Dungeon Sprint DCSS version 0.22-a0-113-gdd6f4a9 (webtiles) character file.

5821 wvc the Fencer (level 10, -12/96 HPs)
             Began as a Naga Fighter on Jan 28, 2018.
             Was the Champion of Cheibriados.
             Mangled by a tyrant leech (14 damage)
             ... in the Dungeon (Sprint IX: "|||||||||||||||||||||||||||||").
             The game lasted 00:05:25 (1823 turns).

wvc the Fencer (Naga Fighter)                       Turns: 1823, Time: 00:05:26

Health: -12/96     AC:  9    Str: 36    XL:     10   Next: 80%
Magic:  20/20      EV: 11    Int: 27    God:    Cheibriados [******]
Gold:   18         SH: 14    Dex: 29    Spells: 9/9 levels left

rFire    . . .     SeeInvis +   p - +2 scimitar (flame)
rCold    . . .     Gourm    .   c - +0 shield
rNeg     . . .     Faith    .   a - +2 ring mail
rPois    +         Spirit   .   (no helmet)
rElec    .         Reflect  .   (no cloak)
rCorr    .         Harm     .   (no gloves)
MR       +....     NoTele   +   (no barding)
Stlth    ++........             (no amulet)
HPRegen  0.26/turn              b - +3 ring of strength
MPRegen  0.17/turn              q - +3 ring of dexterity

@: very slightly contaminated, very slow
A: large, see invisible, deformed body, poison resistance, slowness 2, slow
metabolism 1, spit poison 1, AC +3
a: Spit Poison, Bend Time, Temporal Distortion, Slouch, Step From Time, Renounce
Religion


You were in the Dungeon.
You worshipped Cheibriados.
Cheibriados was exalted by your worship.
You were not hungry.

You visited 1 branch You collected 18 gold pieces.

Inventory:

Hand Weapons
 p - a +2 scimitar of flaming (weapon)
Armour
 a - a +2 ring mail (worn)
 c - a +0 shield (worn)
Magical Staves
 r - an uncursed staff of energy
Jewellery
 b - a +3 ring of strength (left hand)
 q - a +3 ring of dexterity (right hand)
Wands
 o - a wand of iceblast (6)
Scrolls
 k - a scroll of blinking
 m - 3 scrolls of remove curse
 n - 2 scrolls of amnesia
 t - 2 scrolls of identify
 u - 4 scrolls of enchant weapon
 v - a scroll of fear
 w - a scroll of fog
Potions
 d - a potion of might
 e - 7 potions of curing
 g - a potion of agility
 h - a potion of haste
 i - 4 potions of magic
 j - a potion of berserk rage
 s - a potion of heal wounds
Comestibles
 f - a ration


   Skills:
 + Level 8.0 Fighting
 - Level 15.0 Long Blades
 + Level 8.5 Armour
 + Level 3.3 Dodging
 + Level 7.1 Shields
 - Level 14.2 Invocations


You had 9 spell levels left.
You didn't know any spells.

Dungeon Overview and Level Annotations

Branches:
Dungeon (1/1)

Altars:
Cheibriados
Dithmenos
Elyvilon
Fedhas
Gozag
Hepliaklqana
Kikubaaqudgha
Makhleb
Nemelex Xobeh
Okawaru
Qazlal
Ru
Sif Muna
Trog
Uskayaw
Vehumet
Wu Jian
Xom
Yredelemnul
Zin
The Shining One
Beogh
Jiyva
Lugonu


Innate Abilities, Weirdness & Mutations

You cannot wear boots.
Your serpentine skin is tough. (AC +3)
You have supernaturally acute eyesight. (SInv)
Armour fits poorly on your strangely shaped body.
Your system is resistant to poisons. (rPois)
You cover ground very slowly.
You have a slow metabolism.
You can spit poison.


Message History

The tyrant leech draws strength from your injuries!
You slash the tyrant leech! You burn the tyrant leech.
The tyrant leech is moderately wounded.
You closely miss the tyrant leech.
The tyrant leech is moderately wounded.
The tyrant leech barely misses you.
Blink to where?
Press: ? - help, Dir - move target cursor You are very lightly contaminated with residual magic.
As you read the scroll of blinking, it crumbles to dust.
Things that are here:
a porcupine skeleton; a hydra skeleton; a porcupine skeleton
There is an open door, spattered with blood here.
You see here a komodo dragon skeleton.
The tyrant leech barely misses you. The tyrant leech bites you!!
* * * LOW HITPOINT WARNING * * *
The tyrant leech draws strength from your injuries!
The tyrant leech bites you!
You die...

▓▓▓▓▓▓▓▓▓▓▓▓▓▓▓▓▓▓▓▓▓▓▓▓▓▓▓▓▓▓▓▓▓
.).....'________________________'
▓▓▓▓▓▓▓▓▓▓▓▓▓▓▓▓▓▓▓▓▓▓▓▓▓▓▓▓▓▓▓▓▓
.................................
▓▓▓▓▓▓▓▓▓▓▓▓▓▓▓▓▓▓▓▓▓▓▓▓▓▓▓▓▓▓▓▓▓
.....|......'...@wwww.÷÷.......§w
▓▓▓▓▓▓▓▓▓▓▓▓▓▓▓▓▓▓▓▓▓▓▓▓▓▓▓▓▓▓▓▓▓


You could see 4 tyrant leeches.

Vanquished Creatures
  2 hydras (D)
  A manticore (D)
  An elephant (D)
  A gargoyle (D)
  2 spiny frogs (D)
  A rime drake (D)
  2 komodo dragons (D)
  A troll (D)
  3 tyrant leeches (D)
  A yak (D)
  2 water moccasins (D)
  3 porcupines (D)
  A sky beast (D)
  An ogre (D)
  A centaur (D)
  2 crocodiles (D)
  A bullfrog (D)
  A killer bee (D)
  A quasit (D)
  3 orc wizards (D)
  A hell rat (D)
  2 worker ants (D)
  An adder zombie (D)
  A leopard gecko (D)
  2 orcs (D)
  A bat skeleton (D)
  A giant cockroach (D)
  2 hobgoblins (D)
  A rat (D)
43 creatures vanquished.

Notes
Turn   | Place    | Note
-------+----------+-------------------------------------------
     0 | D        | wvc the Naga Fighter began the quest for the Orb.
     0 | D        | Reached XP level 1. HP: 21/21 MP: 1/1
     6 | D        | Reached skill level 3 in Long Blades
    12 | D        | Reached skill level 4 in Long Blades
    17 | D        | Reached XP level 2. HP: 24/28 MP: 2/2
    59 | D        | Noticed an ogre
    74 | D        | Reached skill level 6 in Long Blades
    74 | D        | Reached XP level 3. HP: 30/34 MP: 3/3
    76 | D        | Reached skill level 7 in Long Blades
    76 | D        | Reached XP level 4. HP: 27/42 MP: 4/4
    84 | D        | Reached skill level 8 in Long Blades
    88 | D        | HP: 1/42 [ogre/giant club (6)]
    89 | D        | Killed an ogre
    89 | D        | Reached skill level 10 in Long Blades
    89 | D        | Reached XP level 5. HP: 1/49 MP: 5/5
   393 | D        | Found a roughly hewn altar of Beogh.
   393 | D        | Found a snail-covered altar of Cheibriados.
   393 | D        | Found a shadowy altar of Dithmenos.
   393 | D        | Found a white marble altar of Elyvilon.
   393 | D        | Found a blossoming altar of Fedhas.
   393 | D        | Found an opulent altar of Gozag.
   394 | D        | Found a hazy altar of Hepliaklqana.
   395 | D        | Found a viscous altar of Jiyva.
   396 | D        | Found an ancient bone altar of Kikubaaqudgha.
   397 | D        | Became a worshipper of Cheibriados the Contemplative
   398 | D        | Found a corrupted altar of Lugonu.
   399 | D        | Found a burning altar of Makhleb.
   400 | D        | Found a sparkling altar of Nemelex Xobeh.
   401 | D        | Found an iron altar of Okawaru.
   402 | D        | Found a stormy altar of Qazlal.
   403 | D        | Found a sacrificial altar of Ru.
   404 | D        | Found a deep blue altar of Sif Muna.
   405 | D        | Found a bloodstained altar of Trog.
   406 | D        | Found a hide-covered altar of Uskayaw.
   407 | D        | Found a radiant altar of Vehumet.
   408 | D        | Found an ornate altar of the Wu Jian Council.
   409 | D        | Found a shimmering altar of Xom.
   410 | D        | Found a basalt altar of Yredelemnul.
   411 | D        | Found a glowing silver altar of Zin.
   412 | D        | Found a glowing golden altar of the Shining One.
   466 | D        | Noticed a centaur
   466 | D        | Noticed a gargoyle
   469 | D        | Reached skill level 11 in Long Blades
   474 | D        | Killed a centaur
   474 | D        | Reached * piety under Cheibriados
   474 | D        | Reached skill level 12 in Long Blades
   474 | D        | Reached XP level 6. HP: 40/56 MP: 6/6
   480 | D        | Reached ** piety under Cheibriados
   486 | D        | Reached *** piety under Cheibriados
   486 | D        | Reached skill level 13 in Long Blades
   493 | D        | Killed a gargoyle
   493 | D        | Reached skill level 15 in Long Blades
   493 | D        | Reached XP level 7. HP: 12/62 MP: 7/7
   747 | D        | Noticed a troll
   747 | D        | Noticed a manticore
   755 | D        | Reached **** piety under Cheibriados
   765 | D        | Killed a troll
   765 | D        | Reached skill level 1 in Dodging
   765 | D        | Reached XP level 8. HP: 48/73 MP: 8/8
   775 | D        | Killed a manticore
   775 | D        | Reached skill level 5 in Fighting
   775 | D        | Reached skill level 5 in Armour
   778 | D        | Reached ***** piety under Cheibriados
   784 | D        | HP: 1/76 [sky beast (5)]
  1147 | D        | Noticed a yak
  1147 | D        | Noticed a spiny frog
  1147 | D        | Noticed a komodo dragon
  1147 | D        | Noticed a spiny frog
  1149 | D        | Noticed an elephant
  1149 | D        | Killed a yak
  1155 | D        | Killed a spiny frog
  1155 | D        | Reached XP level 9. HP: 66/82 MP: 8/14
  1159 | D        | Noticed an eight-headed hydra
  1164 | D        | Killed a komodo dragon
  1173 | D        | Reached skill level 10 in Invocations
  1178 | D        | Killed a spiny frog
  1179 | D        | Reached ****** piety under Cheibriados
  1184 | D        | Killed an elephant
  1192 | D        | Killed a seven-headed hydra
  1192 | D        | Reached XP level 10. HP: 24/91 MP: 8/20
  1469 | D        | Noticed a six-headed hydra
  1475 | D        | Reached skill level 5 in Shields
  1483 | D        | Killed a three-headed hydra
  1822 | D        | HP: 2/96 [tyrant leech (24)]
  1823 | D        | Mangled by a tyrant leech

Vault maps used:
D:        linesprint

Skill      XL: |  1  2  3  4  5  6  7  8  9 10 |
---------------+-------------------------------+-----
Long Blades    | 4 6 7 10 12 15 | 15.0
Fighting       | 4 5 8 |  8.0
Armour         | 4 6 8 |  8.5
Dodging        | 1 2 3 |  3.3
Shields        | 3 4 7 |  7.1
Invocations    | 7 14 | 14.2

Action                   |  1- 3 |  4- 6 |  7- 9 | 10-12 || total
-------------------------+-------+-------+-------+-------++-------
Melee: Long sword        |    30 |    11 |       |       ||    41
       Scimitar          |       |    26 |    72 |    55 ||   153
Invok: Slouch            |       |       |     1 |     2 ||     3
 Abil: Spit Poison       |       |     1 |     3 |       ||     4
Evoke: Wand              |       |       |     3 |     1 ||     4
  Use: Potion            |       |       |     5 |     2 ||     7
       Scroll            |       |       |       |     1 ||     1
 Stab: Invisible         |       |       |     1 |       ||     1
  Eat: Chunk             |       |       |       |     1 ||     1
Armor: Scale mail        |     8 |     1 |       |       ||     9
       Ring mail         |       |    14 |    20 |     5 ||    39
Dodge: Dodged            |     6 |     6 |    12 |    10 ||    34
Block: Shield            |    18 |     8 |    34 |    23 ||    83
       Rpst.: Long sword |     2 |       |       |       ||     2
       Scimitar          |       |     1 |     1 |     6 ||     8

Table legend:
 A = Spawn XP
 B = Non-spawn XP
 C = Spawn XP percentage of total XP
 D = Spawn monster count
 E = Non-spawn monster count
 F = Spawn count percentage of total count
 G = Total turns spent on level
                    A         B        C        D         E        F      G
               +---------+---------+-------+---------+---------+-------+---------
         Total |       0 |    8317 |   0.0 |       0 |      43 |   0.0 |  1823
               +---------+---------+-------+---------+---------+-------+---------
             D |       0 |    8317 |   0.0 |       0 |      43 |   0.0 |  1823
               +---------+---------+-------+---------+---------+-------+---------
